 Dungeon Crawl Stone Soup version 0.22.0 (webtiles) character file.

49 letownia2 the Insei (level 3, -1/39 HPs)
             Began as a Demonspawn Transmuter on Aug 11, 2018.
             Succumbed to kobold's curare-tipped needle
             ... on level 3 of the Dungeon.
             The game lasted 00:03:02 (507 turns).

letownia2 the Insei (Demonspawn Transmuter)          Turns: 507, Time: 00:03:03

Health: -1/39      AC: 21    Str: 16    XL:     3   Next: 51%
Magic:  6/6        EV:  2    Int: 14    God:
Gold:   14         SH:  0    Dex: 13    Spells: 0/6 levels left

rFire    . . .     SeeInvis .     - Unarmed
rCold    . . .     Gourm    .   (no shield)
rNeg     + + +     Faith    .   (armour currently unavailable)
rPois    +         Spirit   .   (helmet currently unavailable)
rElec    .         Reflect  .   (cloak currently unavailable)
rCorr    .         Harm     .   (gloves currently unavailable)
MR       .....     NoTele   +   (boots currently unavailable)
Stlth    +.........             (no amulet)
HPRegen  0.13/turn              (no ring)
MPRegen  0.10/turn              (no ring)

@: mighty, lethally poisoned (-1 -> -23), tree-form, slowed, very slow
A: no striking features
a: no special abilities


You were on level 3 of the Dungeon.
You were not hungry.
You were a tree.
You visited 1 branch of the dungeon, and saw 3 of its levels.

You collected 14 gold pieces.

Inventory:

Hand Weapons
 j - a +0 hunting sling
Missiles
 a - 39 arrows
 k - 31 sling bullets
Armour
 b - a +0 robe
 c - a +0 ring mail (melded)
Scrolls
 g - a scroll of fog {unknown}
 h - a scroll of identify {unknown}
 i - a scroll of teleportation {unknown}
Comestibles
 d - 4 rations


   Skills:
 - Level 1.0 Fighting
 - Level 1.7 Dodging
 + Level 4.2 Unarmed Combat
 - Level 2.0 Spellcasting
 - Level 1.7 Transmutations


You couldn't memorise any spells.
You knew the following spells:

 Your Spells              Type           Power        Failure   Level  Hunger
a - Beastly Appendage     Tmut           #.....       12%         1    ##.....
l - Sticks to Snakes      Tmut           #.......     17%         2    ###....
p - Spider Form           Tmut/Pois      #.........   45%         3    ####...

Your spell library contained the following spells:

 Spells                   Type           Power        Failure   Level  Hunger
 Blade Hands              Tmut           #.........   97%         5    ######.
 Ice Form                 Ice/Tmut       #.......     86%         4    #####..


Dungeon Overview and Level Annotations

Branches:
Dungeon (3/15)

Altars:


Innate Abilities, Weirdness & Mutations

((When seriously injured, your bleeding wounds create armour. (AC +0)))


Message History

It was a potion of lignification.
You turn into a tree.
Your +0 ring mail melds into your body.
Your roots penetrate the ground.
Your blood armour dries and flakes away.
* * * LOW HITPOINT WARNING * * *
You feel very sick.
The kobold shoots a curare-tipped needle.
The curare-tipped needle hits you.
The kobold shoots a curare-tipped needle.
The curare-tipped needle hits you.
Unknown command.
It was a potion of might.
You feel very mighty all of a sudden.
* * * LOW HITPOINT WARNING * * *
You feel very sick.
A hound comes into view.
The ooze hits you but does no damage.
A quokka comes into view.
You hit the ooze.
The ooze is lightly wounded.
You die...

... .# .. #.# .h# ..
#.# .... .. #.####.# .
...#r # #......####
#....#. #.#####......
#..#o. ...#.......
##.KJ########.#.......
#?...♣(...............
#...............####..
...#.....########8#
#.. ....##...# #.# #..
(.. .....# .#.# #.. .#
##....# ..#.. #..
###### .#.. #.. ...
#.. #..


You could see a hound, an ooze, an orc, a quokka and a kobold.

Vanquished Creatures
  2 adders
  A worm (D:2)
  3 dart slugs
  2 leopard geckos (D:2)
  A ball python (D:2)
  2 giant cockroaches (D:1)
  A hobgoblin (D:2)
  2 jackals (D:1)
  3 kobolds
  2 bats
  A frilled lizard (D:1)
  2 rats
  A toadstool (D:1)
23 creatures vanquished.

Notes
Turn   | Place    | Note
-------+----------+-------------------------------------------
     0 | D:1      | letownia2 the Demonspawn Transmuter began the quest for the Orb.
     0 | D:1      | Reached XP level 1. HP: 15/15 MP: 3/3
    75 | D:1      | Reached skill level 3 in Unarmed Combat
    87 | D:1      | Gained mutation: When seriously injured, your bleeding wounds create armour. (AC +0) [demonic ancestry]
    87 | D:1      | Reached XP level 2. HP: 4/21 MP: 3/5
   258 | D:2      | Learned a level 2 spell: Sticks to Snakes
   298 | D:2      | Reached XP level 3. HP: 17/26 MP: 6/6
   311 | D:2      | Learned a level 3 spell: Spider Form
   341 | D:2      | Reached skill level 4 in Unarmed Combat
   506 | D:3      | HP: 1/39 [poisoned by kobold (curare-tipped needle)]
   507 | D:3      | Succumbed to kobold's curare-tipped needle

Skill      XL: |  1  2  3 |
---------------+----------+-----
Unarmed Combat | 3 4 |  4.2
Fighting       | |  1.0
Dodging        | |  1.7
Spellcasting   | |  2.0
Transmutations | |  1.7

Action                   || total
-------------------------++-------
Melee: Unarmed           ||    81
       Kick              ||     7
       Headbutt          ||     5
       Punch             ||     1
 Cast: Beastly Appendage ||     9
       Sticks to Snakes  ||     1
  Use: Potion            ||     2
Armor: Ring mail         ||    27
       Skin              ||     1
Dodge: Dodged            ||    41
